 Dungeon Crawl Stone Soup version 0.30-a0-242-g7bf8e6d787 (webtiles) character file.

Game seed: 12147928503390615302

72 vineage the Trooper (level 4, 0/29 HPs)
             Began as a Gargoyle Fighter on Oct 11, 2022.
             Slain by a white imp (3 damage)
             ... summoned by Natasha
             ... on level 2 of the Dungeon.
             The game lasted 00:01:27 (1386 turns).

vineage the Trooper (Gargoyle Fighter)              Turns: 1386, Time: 00:01:28

Health: 0/29       AC: 11    Str: 21    XL:     4   Next: 25%
Magic:  4/4        EV:  9    Int:  9    God:
Gold:   22         SH:  4    Dex:  9    Spells: 3/3 levels left

rFire   . . .      SeeInvis .    a - +0 flail
rCold   . . .      Faith    .    c - +0 buckler
rNeg    + . .      Spirit   .    b - +0 scale mail
rPois   ∞          Reflect  .    (no helmet)
rElec   +          Harm     .    (no cloak)
rCorr   .          Rampage  .    e - +0 pair of gloves
Will    .....                    (no boots)
Stlth   ..........               (no amulet)
HPRegen 0.24/turn                (no ring)
MPRegen 0.09/turn                (no ring)

@: mighty, hasted and slowed
A: sickness immunity, AC +3, negative energy resistance 1, electricity
resistance, torment resistance 1, petrification resistance
a: no special abilities


You were on level 2 of the Dungeon.
You visited 1 branch of the dungeon, and saw 2 of its levels.

You collected 22 gold pieces.

Inventory:

Hand Weapons
 a - a +0 flail (weapon)
Armour
 b - a +0 scale mail (worn)
 c - a +0 buckler (worn)
 e - a +0 pair of gloves (worn)
Scrolls
 f - a scroll of teleportation
Potions
 g - a potion of brilliance
 h - a potion of resistance


   Skills:
 * Level 4.3 Fighting
 + Level 2.5 Maces & Flails
 + Level 3.8 Armour
 + Level 3.8 Shields


You had 3 spell levels left.
You didn't know any spells.
Your spell library contained the following spells:

 Spells                   Type           Power      Damage    Failure   Level
 Sting                    Tmut/Pois      0%         1d3       80%         1
 Poisonous Vapours        Pois/Air       0%         N/A       91%         2
 Olgreb's Toxic Radiance  Pois           0%         N/A       100%        4


Dungeon Overview and Level Annotations

Branches:
Dungeon (2/15)

Altars:

Annotations:
D:2 Natasha


Innate Abilities, Weirdness & Mutations

You are immune to sickness and miasma.
Your stone body is resilient. (AC +3)
You are immune to poison.
You resist negative energy. (rN+)
You are resistant to electric shocks. (rElec)
You are resistant to unholy torment.
You are immune to petrification.


Message History

Found a stone staircase leading down.
You see here an adder corpse.
Natasha, Servant of Life and Death comes into view.
Natasha hisses angrily.
Natasha casts a spell at you.
You feel yourself slow down.
Natasha is nearby!
Natasha is nearby!
Natasha casts a spell.
The white imp gestures at you. The puff of frost misses you.
Natasha drinks a potion.
Natasha suddenly seems more resistant.
Natasha casts a spell at you. The magic dart hits you! Natasha claws you.
The white imp gestures at you. The puff of frost hits you.
You thump Natasha!
Natasha is heavily wounded.
Natasha casts a spell at you. The magic dart hits you.
You block Natasha's attack. The white imp gestures at you.
The puff of frost hits you.
* * * LOW HITPOINT WARNING * * *
A goblin comes into view. It is wielding a +0 sling.
Natasha closely misses you.
It was a potion of haste.
You feel yourself speed up.
The goblin shouts!
The white imp hits you.
* * * LOW HITPOINT WARNING * * *
The white imp freezes you.
* * * LOW HITPOINT WARNING * * *
Natasha claws you but does no damage.
The white imp hits you but does no damage.
You feel very mighty all of a sudden.
Natasha casts a spell.
The white imp hits you.
* * * LOW HITPOINT WARNING * * *
The white imp freezes you.
You die...

#..####...###...
.##.....#..## ##..
.....##.##..###...
#
#.........#.#....
#.
###...........†..
##.#
####.#######.##
##..g#######.# #.#
#...55#...##.# #.#
#....h@...##.# #.#
#.....#...##.#
#.##
##...###.....#
#... #### #..####
#### #..# # #..# #
#..# #... #.##


You could see Natasha (resistant), a crimson imp (summoned), a white imp
(summoned) and a goblin.

Vanquished Creatures
  Robin (D:2)
  An adder (D:2)
  4 ball pythons (D:1)
  3 endoplasms
  5 giant cockroaches (D:1)
  11 goblins
  8 hobgoblins
  5 jackals
  A quokka (D:1)
  A bat (D:1)
  2 kobolds (D:1)
  A rat (D:1)
43 creatures vanquished.

Vanquished Creatures (others)
  19 plants (D:2)
19 creatures vanquished.

Grand Total: 62 creatures vanquished

Notes
Turn   | Place    | Note
-------+----------+-------------------------------------------
     0 | D:1      | vineage the Gargoyle Fighter began the quest for the Orb.
     0 | D:1      | Reached XP level 1. HP: 14/14 MP: 1/1
   128 | D:1      | Reached XP level 2. HP: 19/19 MP: 2/2
   444 | D:1      | Reached XP level 3. HP: 20/24 MP: 3/3
  1084 | D:2      | Noticed Robin
  1094 | D:2      | Killed Robin
  1095 | D:2      | Reached skill level 4 in Fighting
  1153 | D:2      | Reached XP level 4. HP: 18/29 MP: 4/4
  1379 | D:2      | Noticed Natasha
  1386 | D:2      | Slain by a white imp

Illustrated notes

Levels and vault maps discovered:
D:1:      minmay_arrival_shattered_statue, layout_basic
D:2:      minmay_razor_zed, layout_loops_ring, serial_bayou_lagoon_a,
          roderic_roman_lattice, uniq_natasha, uniq_crazy_yiuf_cottage,
          uniq_robin

Skill      XL: |  1  2  3 |
---------------+----------+-----
Fighting       | 4 |  4.3
Maces & Flails | |  2.5
Armour         | |  3.8
Shields        | |  3.8

Action                   |  1- 3 |  4- 6 || total
-------------------------+-------+-------++-------
Melee: Flail             |   134 |    14 ||   148
  Use: Scroll            |     4 |       ||     4
       Potion            |       |     2 ||     2
Armor: Scale mail        |    97 |     6 ||   103
Dodge: Dodged            |    77 |     9 ||    86
Block: Buckler           |    32 |     1 ||    33

Table legend: (Time is in decaauts)
 A = Elapsed time spent in this place.
 B = Non-inter-level travel time spent in this place.
 C = Inter-level travel time spent in this place.
 D = Time resting spent in this place.
 E = Time spent auto-exploring this place.
 F = Levels seen in this place.
 G = Mean time per level.
                   A        B        C        D        E       F      G
               +--------+--------+--------+--------+--------+-----+--------+
         Total |   1445 |   1404 |     41 |      0 |   1068 |   2 |  722.5 |
       Dungeon |   1445 |   1404 |     41 |      0 |   1068 |   2 |  722.5 |
               +--------+--------+--------+--------+--------+-----+--------+

Top non-repeatable levels by time:
     D:1: 1095 daAuts
     D:2: 349 daAuts
